groovejumper, neutral female human Archeologist ---------- ...|<....| |%..@..... |......f.| ---------- groovejumper the Investigator Experience level: 7 Strength: 13 Dexterity: 13 Constitution: 16 Intelligence: 12 Wisdom: 16 Charisma: 7 Health: 0(59) Energy: 28(28) AC: 7 Gold: 1077 Moves: 2944 Your Inventory: Coins $ - 1077 gold pieces Weapons a - an uncursed +2 bullwhip (weapon in hand) q - an [uncursed +0] dart t - an [uncursed +0] crude dagger [orcish] H - 6 [blessed +1] darts of stealth (in quiver) Armor b - an uncursed +0 leather jacket (being worn) c - an uncursed +0 fedora (being worn) w - a cursed very rotted +0 hooded cloak [dwarvish] (being worn) x - an [uncursed] +0 pair of hard shoes [iron] (being worn) Comestibles d - 3 uncursed food rations k - 2 [uncursed] tripe rations I - 2 [uncursed] lichen corpses Scrolls m - a [blessed] scroll labeled ELAM EBOW [of destroy armor] A - an [uncursed] scroll labeled FNORD [of scare monster] E - 4 [uncursed] unlabeled scrolls [of blank paper] F - an [uncursed] scroll labeled LOREN IPSUM [of flood] Potions y - an [uncursed] murky potion [of extra healing] J - an [uncursed] white potion [of hallucination] Rings u - a [cursed] ceramic ring [of teleportation] Wands n - an [uncursed] wand of magic missile [0:2] Tools e - an uncursed +0 pick-axe (alternate weapon; not wielded) f - an uncursed tinning kit (0:48) h - an uncursed sack j - an [uncursed] leash r - an [uncursed] tin whistle s - an [uncursed] tin whistle v - an [uncursed] tin whistle Gems g - an uncursed touchstone l - an [uncursed] aquamarine stone Spells known in the end: Name Level Category Fail Memory Your skills at the end: Fighting Skills Weapon Skills pick-axe [Basic / Expert] sling [Basic / Skilled] whip [Basic / Expert] Spellcasting Skills Final Attributes: You were piously aligned. Hunger level was 582. Your alignment was 24 / 24. Monster difficulty range was 1 - 7. Level difficulty was 7. You were telepathic. You were stealthy. You were fast. Your luck was zero. You are dead. Vanquished creatures: a panther a leprechaun a brown pudding a mountain nymph an orc shaman a rock piercer 2 enormous rats a pony a fog cloud a yellow light a shrieker a kobold mummy a ghoul a paper golem 2 floating eyes a dwarf a homunculus a kobold shaman a rothe a giant bat a wererat 3 coyotes 2 gas spores 2 large kobolds a hobgoblin 2 brown molds a yellow mold a gnome zombie 3 geckos 6 jackals 2 foxes a kobold 2 sewer rats 4 grid bugs 5 lichens 4 newts 62 creatures vanquished. Voluntary challenges: You were an atheist. You used a wielded weapon 99 times. You read items or engraved 2 times. You put on armor 4 times. You never genocided any monsters. You never polymorphed an object. You never changed form. You used no wishes. You wrote Elbereth's name 2 times. You never encountered a bones level. You never used any Sokoban shortcuts. Dungeon overview: The Dungeons of Doom: levels 1 to 7 Level 1 a long staircase Level 2 a fountain Level 4 some fountains a long staircase Level 5 a fountain Level 7 <- You were here History has recorded: On T:1 you entered the Dungeons of Doom to retrieve the Amulet of Yendor! On T:586 you reached level 2 of The Dungeons of Doom. On T:589 you advanced to experience level 2. On T:645 you advanced to experience level 3. On T:954 you reached level 3 of The Dungeons of Doom. On T:1076 you advanced to experience level 4. On T:1260 you advanced to experience level 5. On T:1395 you reached level 4 of The Dungeons of Doom. On T:1596 you advanced to experience level 6. On T:1819 you reached level 5 of The Dungeons of Doom. On T:2232 you reached level 6 of The Dungeons of Doom. On T:2746 you advanced to experience level 7. On T:2925 you reached level 7 of The Dungeons of Doom. Latest messages: The panther hits! (2x) The panther bites! [HP-21=4] You would only make a small smudge on the headstone. You write "Elbereth" with your fingers into the dust. The panther turns to flee! [HP+1=5] The panther turns to flee! You flick your bullwhip towards the panther. You hit the panther. You add "Elbereth" with your fingers to the writing in the dust. [HP+1=6] The panther turns to flee! Taro suddenly falls asleep! You kill the panther! The magic missile bounces! The magic missile hits you! You die... The sack is empty. Final status: Goodbye groovejumper the Archeologist... You died in The Dungeons of Doom on dungeon level 7 with 4048 points, and 1077 pieces of gold, after 2944 moves. You were level 7 with a maximum of 59 hit points when you died.